 Dungeon Crawl Stone Soup version 0.27.0-66-gdc8fb28755 (webtiles) character file.

Game seed: 3731993229705040307

74 loansindi the Conjurer (level 4, -5/30 HPs)
             Began as a Human Conjurer on Aug 19, 2021.
             Killed from afar by an orc wizard (12 damage)
             ... with a puff of flame
             ... on level 3 of the Dungeon.
             The game lasted 00:06:54 (2250 turns).

loansindi the Conjurer (Human Conjurer)             Turns: 2250, Time: 00:06:55

Health: -5/30      AC:  3    Str:  7    XL:     4   Next: 54%
Magic:  3/7        EV: 12    Int: 19    God:
Gold:   77         SH:  0    Dex: 12    Spells: 4/7 levels left

rFire    . . .     SeeInvis .   b - +9 staff of Olgreb {rPois∞}
rCold    . . .     Faith    .   (no shield)
rNeg     . . .     Spirit   .   a - +0 robe
rPois    ∞         Reflect  .   (no helmet)
rElec    .         Harm     .   g - +0 cloak
rCorr    .         Rampage  .   (no gloves)
Will     .....                  (no boots)
Stlth    ++........             (no amulet)
HPRegen  0.10/turn              (no ring)
MPRegen  0.10/turn              (no ring)

@: no status effects
A: no striking features
a: no special abilities


You were on level 3 of the Dungeon.
You visited 1 branch of the dungeon, and saw 3 of its levels.

You collected 77 gold pieces.

Inventory:

Hand Weapons
 b - the +9 staff of Olgreb (weapon) {rPois∞}
   (You acquired it on level 1 of the Dungeon)

   If the wielder is skilled in Evocations, they can envenom those struck by it,
   dealing poison damage which bypasses armour.
   It enhances your poison magic.
   It grants immunity to poison.
   It can be evoked to radiate toxic energy, with effectiveness depending on
   Evocations skill.
 f - a +0 hunting sling
 l - a +2 short sword of venom
Missiles
 e - 22 poisoned darts
Armour
 a - a +0 robe (worn)
 g - a +0 cloak (worn)
Wands
 i - a wand of digging (7)
Potions
 c - 2 potions of attraction {unknown}
 h - a potion of haste {unknown}
 j - a potion of curing {unknown}
 k - a potion of flight {unknown}


   Skills:
 + Level 0.5 Staves
 + Level 2.2 Dodging
 + Level 2.1 Stealth
 + Level 2.4 Spellcasting
 + Level 5.1 Conjurations


You had 4 spell levels left.
You knew the following spells:

 Your Spells              Type           Power      Damage    Failure   Level
a - Magic Dart            Conj           84%        1d7       1%          1
b - Searing Ray           Conj           42%        3d4       3%          2

Your spell library contained the following spells:

 Spells                   Type           Power      Damage    Failure   Level
 Freeze                   Ice            8%         1d3       16%         1
 Dazzling Flash           Conj/Hex       24%        N/A       17%         3
 Frozen Ramparts          Ice            4%         1d2       43%         3
 Fulminant Prism          Conj/Hex       6%         3d7       50%         4
 Hailstorm                Conj/Ice       12%        3d5       50%         4
 Iskenderun's Mystic Bla  Conj/Tloc      12%        2d5       50%         4


Dungeon Overview and Level Annotations

Branches:
Dungeon (3/15)

Altars:
Qazlal


Message History

You're too confused to cast spells.
You bump into the rock wall.
You feel less confused. Something hits you but does no damage.
Casting: Searing Ray (safe; 3% risk of failure)
Confirm with . or Enter, or press ? or * to list all spells.
You can't see any susceptible monsters within range! (Use Z to cast anyway.)
You can't see any susceptible monsters within range! (Use Z to cast anyway.)
You hit something but do no damage. Something hits you.
A magic dart appears from out of thin air!
The magic dart hits you!
* * * LOW HITPOINT WARNING * * *
Blink to where?
Press: ? - help, Dir - move target
As you read the scroll of blinking, it crumbles to dust.
A bat comes into view.
Found a hand axe and 23 arrows.
The bat hits you but does no damage. The bat hits you.
* * * LOW HITPOINT WARNING * * *
You are too injured to fight recklessly!
You are too injured to fight recklessly!
You sock the bat!
You kill the bat!
Found a metallic orange potion.
Something tries to affect you, but you resist.
Casting: Searing Ray (safe; 3% risk of failure)
Confirm with . or Enter, or press ? or * to list all spells.
Aiming: Searing Ray (safe; 3% risk of failure)
Press: ? - help, Shift-Dir - straight line, f - orc wizard
Aim: an orc wizard, wielding a +0 dagger and wearing a +0 robe (72% to hit)
The searing ray hits the orc wizard!
The orc wizard is heavily wounded. (Press . to maintain the ray.)
The searing ray misses the orc wizard.
The searing ray hits the orc wizard.
The orc wizard is almost dead.
The orc wizard points at you and mumbles some strange words.
The puff of flame hits you!
You die...

#.#.## #...### ....# #...... # #
#..# #####...#####
#.##.#..###.........(.#.
..........{..........)..
####.##.###.......$.....
...........####.........
####...o##.##.......##..
#...!@##.##.......# # ##...###.
#.......# # ##.. .. #.......# #
######## #.# ## #.#...#.### #
#......# #.# #.# ...##
###......#####.##### #{#####.#..#
...........P♣....[.###.....≈.≈...
###......#P♣≈.#.##[.......§#§.^.≈
# #.....)).≈≈P#.#########§§§#≈^.^


You could see an orc wizard.

Vanquished Creatures
  An adder (D:2)
  A worm (D:2)
  A dart slug (D:1)
  6 orcs (D:3)
  4 bats
  2 endoplasms (D:2)
  3 giant cockroaches
  6 goblins
  3 hobgoblins
  8 jackals
  4 ball pythons
  A frilled lizard (D:2)
  5 kobolds
  2 rats (D:2)
47 creatures vanquished.

Notes
Turn   | Place    | Note
-------+----------+-------------------------------------------
     0 | D:1      | loansindi the Human Conjurer began the quest for the Orb.
     0 | D:1      | Reached XP level 1. HP: 13/13 MP: 3/3
   413 | D:1      | Reached XP level 2. HP: 19/19 MP: 3/5
   454 | D:1      | Found a faded altar of an unknown god.
   664 | D:1      | Identified a scroll of acquirement
   665 | D:1      | Acquired the +9 staff of Olgreb {rPois∞}
   665 | D:1      | Found the +9 staff of Olgreb {rPois∞}
   994 | D:1      | Learned a level 2 spell: Searing Ray
  1021 | D:2      | Reached XP level 3. HP: 24/24 MP: 1/6
  1531 | D:2      | Reached XP level 4. HP: 17/30 MP: 2/7
  1862 | D:2      | Reached skill level 5 in Conjurations
  2202 | D:3      | Found a stormy altar of Qazlal.
  2250 | D:3      | Killed from afar by an orc wizard

Illustrated notes

Levels and vault maps discovered:
D:1:      amcnicky_arrival_flooded_fountain, layout_basic,
          shapermc_ecumenical_altar_ellora
D:2:      layout_basic
D:3:      layout_loops_cross, mainiacjoe_overflow_boulevard,
          grunt_qazlal_sundering, serial_shops, shop, grunt_ministairs_14,
          serial_bayou_pond_d

Skill      XL: |  1  2  3  4 |
---------------+-------------+-----
Conjurations   | 5 |  5.1
Staves         | |  0.5
Dodging        | |  2.2
Stealth        | |  2.1
Spellcasting   | |  2.4

Action                   |  1- 3 |  4- 6 || total
-------------------------+-------+-------++-------
Melee: Staff             |    19 |    10 ||    29
Throw: Dart              |     2 |       ||     2
 Cast: Magic Dart        |    41 |    25 ||    66
       Searing Ray       |     2 |     3 ||     5
Evoke: Staff of Olgreb   |     3 |       ||     3
  Use: Scroll            |     3 |     1 ||     4
Armor: Robe              |     4 |     4 ||     8
Dodge: Dodged            |    15 |     6 ||    21
